 Dungeon Crawl Stone Soup version 0.29-a0-961-gfab03dca74 (webtiles) character file.

Game seed: 1052888695506826508

1703 Ajdolov the Cleaver (level 9, 0/67 HPs)
             Began as a Ghoul Gladiator on July 30, 2022.
             Was a Follower of Ru.
             Slain by a vampire (5 damage)
             ... on level 6 of the Dungeon.
             The game lasted 00:07:22 (6144 turns).

Ajdolov the Cleaver (Ghoul Gladiator)               Turns: 6144, Time: 00:07:23

Health: 0/67       AC: 10    Str: 28    XL:     9   Next: 3%
Magic:  8/8        EV:  9    Int:  3    God:    Ru [*.....]
Gold:   298        SH:  0    Dex: 10    Spells: 8/8 levels left

rFire   . . .      SeeInvis .   a - +0 war axe
rCold   + . .      Faith    .   (no shield)
rNeg    + + +      Spirit   .   t - +0 chain mail
rPois   ∞          Reflect  .   c - +0 helmet
rElec   .          Harm     .   (no cloak)
rCorr   .          Rampage  .   q - +0 pair of gloves
Will    .....                   (no boots)
Stlth   ..........              y - amulet of the acrobat
HPRegen 0.00/turn               p - +6 ring of strength
MPRegen 0.11/turn               (no ring)

@: inhibited regen
A: claws 1, cold resistance 1, negative energy resistance 3, inhibited
regeneration, torment resistance 2, no ice magic, no necromancy magic, no
transmutations magic, devour on kill
a: Renounce Religion


You were on level 6 of the Dungeon.
You worshipped Ru.
Ru was aware of your devotion.
You visited 1 branch of the dungeon, and saw 7 of its levels.

You collected 298 gold pieces.

Inventory:

Hand Weapons
 a - a +0 war axe (weapon)
Missiles
 d - 2 throwing nets (quivered)
 e - 4 javelins
Armour
 c - a +0 helmet (worn)
 q - a +0 pair of gloves (worn)
 t - a +0 chain mail (worn)
Jewellery
 p - a +6 ring of strength (left hand)
 y - an amulet of the acrobat (around neck)
Wands
 n - a wand of flame (14)
 r - a wand of charming (1)
Scrolls
 f - a scroll of magic mapping {unknown}
 g - a scroll of vulnerability {unknown}
 h - 6 scrolls of identify {unknown}
 i - 2 scrolls of amnesia {unknown}
 m - 2 scrolls of enchant weapon {unknown}
 o - a scroll of enchant armour {unknown}
 u - 2 scrolls of blinking {unknown}
 w - a scroll of immolation {unknown}
 x - a scroll of silence {unknown}
Potions
 b - 2 potions of mutation
 j - a potion of magic
 k - a potion of haste {unknown}
 l - 2 potions of lignification {unknown}
 s - a potion of might {unknown}
 v - a potion of cancellation {unknown}
 z - a potion of heal wounds {unknown}
 A - a potion of flight {unknown}
 B - a potion of brilliance {unknown}
 C - a potion of ambrosia {unknown}


   Skills:
 - Level 2.1 Fighting
 * Level 9.6 Axes
 + Level 4.9 Throwing
 - Level 2.6 Dodging


You had 8 spell levels left.
You didn't know any spells.
Your spell library contained the following spells:

 Spells                   Type           Power      Damage    Failure   Level
 Scorch                   Fire           0%         2d5       99%         2
 Dazzling Flash           Conj/Hex       0%         N/A       100%        3
 Flame Wave               Conj/Fire      0%         2d4       100%        4
 Olgreb's Toxic Radiance  Pois           0%         N/A       100%        4
 Iskenderun's Battlesphe  Conj           0%         2d6       100%        5
 Silence                  Hex/Air        0%         N/A       100%        5
 Iron Shot                Conj/Erth      0%         9d1       100%        6
 Summon Cactus Giant      Summ           0%         N/A       100%        6
 Spellforged Servitor     Conj/Summ      0%         N/A       100%        7
 Ignition                 Fire           0%         3d3       100%        8
 Freeze                   Ice            Unusable   1d3       N/A         1
 Frozen Ramparts          Ice            Unusable   1d2       N/A         3
 Hailstorm                Conj/Ice       Unusable   3d3       N/A         4
 Agony                    Necr           Unusable   N/A       N/A         5
 Ozocubu's Refrigeration  Ice            Unusable   4d5       N/A         7

Dungeon Overview and Level Annotations

Branches:
Dungeon (7/15)
 Temple: D:4-7

Altars:
Dithmenos
Hepliaklqana
Nemelex Xobeh
Ru


Innate Abilities, Weirdness & Mutations

You are immune to poison.
You have sharp fingernails.
Your flesh is cold resistant. (rC+)
You are immune to negative energy. (rN+++)
You do not regenerate when monsters are visible.
You are immune to unholy pain and torment.
You cannot study or cast Ice magic.
You cannot study or cast Necromancy magic.
You cannot study or cast Transmutations magic.
You thrive by killing the living.


Message History

Increase (S)trength, (I)ntelligence, or (D)exterity?
You feel stronger. x2
The iguana completely misses you. The iguana attacks as you move away!
The iguana completely misses you.
You hear some strange, mumbled words.
You are confused.
The white imp gestures at you. The puff of frost misses you.
You miss the iguana.
You redirect the iguana's attack!
The iguana bites itself!
Something hits you. Something bites you. The iguana barely misses you.
The white imp laughs crazily.
The iguana attacks as you move away! The iguana misses you.
The iguana attacks as you move away! The iguana closely misses you.
The iguana attacks as you move away! The iguana closely misses you.
Something hits you. Something barely misses you.
You feel less confused.
There is a stone staircase leading up here.
The iguana closely misses you. Something hits you. Something bites you!
* * * LOW HITPOINT WARNING * * *
The white imp begins to attack, but is stunned by your conviction!
You climb upwards.
Reactivating autopickup.
There is a stone staircase leading down here.
You are too injured to fight recklessly!
You closely miss the iguana.
The iguana is heavily wounded.
You closely miss something.
The iguana bites you but does no damage.
Something hits you!
* * * LOW HITPOINT WARNING * * *
Deactivating autopickup; reactivate with Ctrl-A.
Something bites you but does no damage.
It was a potion of magic.
Magic courses through your body.
The iguana bites you but does no damage.
Something hits you.
* * * LOW HITPOINT WARNING * * *
Something bites you.
You die...

#......#.#.# #.# ##.#.######
#.##...[...###.# #.#.# ##.
#.##...........# #.#.# #..
#.....<....######## #.#.# #.#
###..)............######.#.####.#
#..#.#.#.#.####.............#.#
#..#.#.................#####..#
###..#.#.#.#.###..#####.)# #)##
.......#.....# #@{#####..# #)#
....######.### #l........# #)#
##.........# ##.#####.## #.##
##.######## #.# #.# #.## #.#####
#.# #.######.## #.....# #.#
#.....>.... #####.# #.#
########.## #.# #.# ##.## #.##
#†# #.# ##.#.## #.##


You could see an iguana.

Vanquished Creatures
  Sigmund (D:3)
  A black bear (D:6)
  An ice beast (D:5)
  4 ogres
  A phantom (D:7)
  A kobold brigand (D:6)
  2 scorpions (D:5)
  2 necrophages
  2 howler monkeys (D:5)
  3 hounds
  2 orc priests
  A jelly (D:4)
  4 iguanas
  Ijyb (D:3)
  6 gnolls
  5 adders
  2 shadow imps (D:6)
  An ufetubus (D:6)
  3 worms
  5 dart slugs
  8 orcs
  11 ball pythons
  9 endoplasms
  7 giant cockroaches
  9 goblins
  5 hobgoblins
  6 jackals
  2 quokkas (D:1)
  2 bats
  3 frilled lizards
  12 kobolds
  10 rats
132 creatures vanquished.

Vanquished Creatures (others)
  An orc (D:6)
1 creature vanquished.

Grand Total: 133 creatures vanquished

Notes
Turn   | Place    | Note
-------+----------+-------------------------------------------
     0 | D:1      | Ajdolov the Ghoul Gladiator began the quest for the Orb.
     0 | D:1      | Reached XP level 1. HP: 17/17 MP: 0/0
    71 | D:1      | Reached skill level 3 in Axes
    79 | D:1      | Reached XP level 2. HP: 21/24 MP: 1/1
   317 | D:1      | Reached XP level 3. HP: 27/29 MP: 2/2
   532 | D:1      | Found a faded altar of an unknown god.
   898 | D:2      | Reached skill level 4 in Axes
  1151 | D:2      | Reached XP level 4. HP: 33/36 MP: 3/3
  1920 | D:3      | Noticed Sigmund
  2060 | D:3      | Reached skill level 5 in Axes
  2137 | D:3      | Reached XP level 5. HP: 38/41 MP: 4/4
  2154 | D:3      | Killed Sigmund
  2155 | D:3      | Reached skill level 6 in Axes
  2155 | D:3      | Reached XP level 6. HP: 31/48 MP: 5/5
  2575 | D:3      | Noticed Ijyb
  2612 | D:3      | Killed Ijyb
  3028 | D:4      | Reached skill level 7 in Axes
  3028 | D:4      | Reached XP level 7. HP: 41/55 MP: 6/6
  3285 | D:4      | Found a shadowy altar of Dithmenos.
  3285 | D:4      | Found a sacrificial altar of Ru.
  3417 | D:4      | Became a worshipper of Ru the Awakened
  3760 | D:5      | Entered Level 5 of the Dungeon
  3897 | D:5      | Reached skill level 8 in Axes
  3897 | D:5      | Reached XP level 8. HP: 19/61 MP: 7/7
  4570 | D:5      | Found a sparkling altar of Nemelex Xobeh.
  4745 | D:5      | Noticed an angel
  5028 | D:6      | Gained mutation: You cannot study or cast Ice magic. [Ru
                  | sacrifice]
  5028 | D:6      | Gained mutation: You cannot study or cast Transmutations
                  | magic. [Ru sacrifice]
  5028 | D:6      | Gained mutation: You cannot study or cast Necromancy magic.
                  | [Ru sacrifice]
  5028 | D:6      | Reached * piety under Ru
  5435 | D:6      | Reached skill level 9 in Axes
  5560 | D:6      | Identified the +1 hat "Yvea" {rF+ Str+6}
  5943 | D:6      | Found a hazy altar of Hepliaklqana.
  6129 | D:7      | Noticed a vampire
  6134 | D:7      | Reached XP level 9. HP: 43/67 MP: 8/8
  6144 | D:6      | Slain by a vampire

Illustrated notes

Levels and vault maps discovered:
D:1:      erik_arrival_cave_to_civilisation [erik_arrival_cave_to_hall],
          layout_rooms, chequers_ecumenical_altar_simple,
          chequers_serial_rivers_room_b
D:2:      layout_basic
D:3:      layout_rooms, nicolae_figureground_pulse, uniq_sigmund, uniq_ijyb
D:4:      layout_basic, nicolae_overflow_squiral
D:5:      layout_rooms, nemelex_dance_club_becter, zin_angel, st_stairs_1
D:6:      layout_loops_ring, nicolae_hepliaklqana_hippocampus,
          serial_park_tiny_2
D:7:      layout_layer_cave, mainiacjoe_overflow_brackets, led_sif_pool,
          minmay_temple_entry_wispy, serial_shops, shop, uniq_duvessa

Skill      XL: |  1  2  3  4  5  6  7  8 |
---------------+-------------------------+-----
Axes           | 3 4 5 6 7 8 9 |  9.6
Throwing       | 2 3 4 |  4.9
Fighting       | |  2.1
Dodging        | |  2.6

Action                   |  1- 3 |  4- 6 |  7- 9 || total
-------------------------+-------+-------+-------++-------
Melee: War axe           |    99 |   116 |   243 ||   458
       Punch             |     2 |     3 |     1 ||     6
Throw: Throwing net      |       |     3 |       ||     3
Invok: Sacrifice Arcana  |       |       |     1 ||     1
  Use: Potion            |       |     2 |     3 ||     5
 Stab: Invisible         |       |     2 |     4 ||     6
       Held in net/web   |       |     1 |       ||     1
Armor: Leather armour    |    19 |       |       ||    19
       Ring mail         |    11 |    37 |       ||    48
       Chain mail        |       |     7 |   130 ||   137
Dodge: Dodged            |    87 |    67 |   126 ||   280

Table legend: (Time is in decaauts)
 A = Elapsed time spent in this place.
 B = Non-inter-level travel time spent in this place.
 C = Inter-level travel time spent in this place.
 D = Time resting spent in this place.
 E = Time spent auto-exploring this place.
 F = Levels seen in this place.
 G = Mean time per level.
                   A        B        C        D        E       F      G
               +--------+--------+--------+--------+--------+-----+--------+
         Total |   6225 |   6056 |    169 |    611 |   4343 |   7 |  889.3 |
       Dungeon |   6225 |   6056 |    169 |    611 |   4343 |   7 |  889.3 |
               +--------+--------+--------+--------+--------+-----+--------+

Top non-repeatable levels by time:
     D:5: 1193 daAuts
     D:3: 1150 daAuts
     D:6: 1146 daAuts
     D:2: 973 daAuts
     D:1: 915 daAuts
     D:4: 784 daAuts
     D:7: 61 daAuts
